 Dungeon Crawl Stone Soup version 0.31-a0-818-ge7c7cf74f0 (webtiles) character file.

Game seed: 11860318620530511474

16 Danienth the Sneak (level 2, 0/14 HPs)
             Began as a Spriggan Enchanter on Sept 22, 2023.
             Slain by a goblin
             ... wielding a +2 dagger of holy wrath
              (4 damage)
             ... on level 1 of the Dungeon.
             The game lasted 00:01:39 (501 turns).

Danienth the Sneak (Spriggan Enchanter)              Turns: 501, Time: 00:01:40

Health: 0/14       AC:  2    Str:  4    XL:     2   Next: 41%
Magic:  6/6        EV: 14    Int: 16    God:
Gold:   26         SH:  0    Dex: 15    Spells: 6/6 levels left

rFire   . . .        a - +1 dagger
rCold   . . .        (no shield)
rNeg    . . .        b - +0 robe
rPois   .            (helmet restricted)
rElec   .            (no cloak)
rCorr   .            (gloves unavailable)
SInv    +            (boots unavailable)
Will    .....        (no amulet)
Stlth   +++          (no ring)
HPRegen 0.22/turn    (no ring)
MPRegen 0.10/turn

%: no passive effects
@: constricted, very quick
A: very small, no large weapons, unfitting armour, see invisible, speed 3
a: no special abilities


You were on level 1 of the Dungeon.
You visited 1 branch of the dungeon, and saw 1 of its levels.

You collected 26 gold pieces.

Inventory:

Hand Weapons
 a - a +1 dagger (weapon)
Armour
 b - a +0 robe (worn)
Scrolls
 d - 2 scrolls of identify {unknown}
 e - a scroll of revelation {unknown}
 f - a scroll of immolation {unknown}
Potions
 c - 2 potions of invisibility
 g - a potion of curing {unknown}


   Skills:
 * Level 0.4 Fighting
 * Level 1.5 Short Blades
 - Level 2.6 Dodging
 - Level 5.3 Stealth
 - Level 2.6 Spellcasting
 - Level 3.6 Hexes


You had 6 spell levels left.
You didn't know any spells.
Your spell library contained the following spells:

 Spells                   Type           Power      Damage    Failure   Level
 Confusing Touch          Hex            13%        N/A       13%         3
 Tukima's Dance           Hex            13%        N/A       13%         3
 Ensorcelled Hibernation  Hex/Ice        14%        N/A       14%         2
 Dazzling Flash           Conj/Hex       14%        N/A       28%         3


Dungeon Overview and Level Annotations

Branches:
Dungeon (1/15)

Altars:


Innate Abilities, Weirdness & Mutations

You are very small and have problems with some larger weapons.
You are too small for most types of armour.
You have supernaturally acute eyesight. (SInv)
You cover ground extremely quickly. (Speed+++)


Message History

You kill the ball python!
No target in view!
You now have 26 gold pieces (gained 18).
You see here a +0 spear.
A rat comes into view.
Found a red potion and a club.
No target in view!
No target in view!
No target in view!
g - a red potion A goblin comes into view.
It is wielding a +2 dagger of holy wrath.
You see here a +0 club.
Found a yellow potion and a bubbling coppery potion.
You see here a purple potion.
The goblin shouts!
The ball python hisses angrily.
You barely miss the goblin. The goblin closely misses you.
You closely miss the goblin. The goblin misses you.
You hit the goblin.
The goblin is moderately wounded.
The goblin hits you with a +2 dagger of holy wrath.
You hit the goblin.
The goblin is almost dead.
The ball python completely misses you. The ball python grabs you.
The ball python constricts you. The goblin hits you but does no damage.
You hit the ball python but do no damage.
The ball python bites you. The ball python constricts you.
The goblin hits you with a +2 dagger of holy wrath.
You are too injured to fight recklessly!
You are too injured to fight recklessly!
Hit: a) +1 dagger
Press: ? - help, Dir - move target, f - goblin
Aim: a goblin, wielding a +2 dagger of holy wrath (almost dead, about 42% to evade your +1 dagger)
You barely miss the goblin.
The goblin is almost dead.
The ball python bites you.
* * * LOW HITPOINT WARNING * * *
The ball python constricts you.
The goblin hits you with a +2 dagger of holy wrath.
You die...

#.#. #.......#.....
#.#. #.......#.....
#..#
#.......#......#...
#.....!.#..........
#.......# ....##..
#....!..# ...#..
#.gS....# #####)#..
#.@.....# #...#....
#.......###..###...
#..................
###!#######...###..
#.)...........#.#
#########.##....#
#.#.....#
########.#.....+
#........#.....#


You could see a goblin and a ball python.

Vanquished Creatures
  A bat (D:1)
  An endoplasm (D:1)
  4 goblins (D:1)
  A hobgoblin (D:1)
  2 kobolds (D:1)
  3 ball pythons (D:1)
  2 frilled lizards (D:1)
  A rat (D:1)
15 creatures vanquished.

Notes
Turn   | Place    | Note
-------+----------+-------------------------------------------
     0 | D:1      | Danienth the Spriggan Enchanter began the quest for the
                  | Orb.
     0 | D:1      | Reached XP level 1. HP: 9/9 MP: 5/5
   207 | D:1      | Reached skill level 5 in Stealth
   275 | D:1      | Reached XP level 2. HP: 13/13 MP: 6/6
   501 | D:1      | Slain by a goblin

Illustrated notes

Levels and vault maps discovered:
D:1:      nicolae_arrival_somewhat_less_tricky_arrival, layout_basic

Skill      XL: |  1 |
---------------+----+-----
Stealth        | 5 |  5.3
Fighting       | |  0.4
Short Blades   | |  1.5
Dodging        | |  2.6
Spellcasting   | |  2.6
Hexes          | |  3.6

Action                     || total
---------------------------++-------
  Melee: Dagger            ||    46
   Stab: Sleeping          ||     5
 Armour: Robe              ||    11
  Dodge: Dodged            ||    36

Table legend: (Time is in decaauts)
 A = Elapsed time spent in this place.
 B = Non-inter-level travel time spent in this place.
 C = Inter-level travel time spent in this place.
 D = Time resting spent in this place.
 E = Time spent auto-exploring this place.
 F = Levels seen in this place.
 G = Mean time per level.
                   A        B        C        D        E       F      G
               +--------+--------+--------+--------+--------+-----+--------+
         Total |    336 |    332 |      4 |     11 |    223 |   1 |  336.0 |
       Dungeon |    336 |    332 |      4 |     11 |    223 |   1 |  336.0 |
               +--------+--------+--------+--------+--------+-----+--------+

Top non-repeatable levels by time:
     D:1: 336 daAuts
